 Dungeon Crawl Stone Soup version 0.21-a0-193-g085b6a0 (webtiles) character file.

58 Deeps the Skirmisher (level 4, -2/37 HPs)
             Began as a Formicid Fighter on Aug 15, 2017.
             Slain by a gnoll
             ... wielding a +0 halberd
              (7 damage)
             ... on level 2 of the Dungeon.
             The game lasted 00:01:20 (1127 turns).

Deeps the Skirmisher (Formicid Fighter)             Turns: 1127, Time: 00:01:21

Health: -2/37      AC:  9    Str: 21    XL:     4   Next: 21%
Magic:  4/4        EV:  6    Int:  8    God:
Gold:   87         SH:  9    Dex: 10    Spells: 3/3 levels left

rFire    . . .     SeeInvis +   a - +0 war axe
rCold    . . .     Gourm    .   c - +0 shield
rNeg     . . .     Faith    .   e - +0 chain mail
rPois    .         Spirit   .   (helmet unavailable)
rElec    .         Reflect  .   (no cloak)
rCorr    .         Harm     .   (no gloves)
MR       .....                  (no boots)
Stlth    ..........             (no amulet)
HPRegen  0.12/turn              (no ring)
MPRegen  0.09/turn              (no ring)

@: no status effects
A: permanent stasis, dig shafts and tunnels, four strong arms, antennae 3
a: Dig, Shaft Self


You were on level 2 of the Dungeon.
You were hungry.

You visited 1 branch of the dungeon, and saw 2 of its levels.

You collected 87 gold pieces.

Inventory:

Hand Weapons
 a - a +0 war axe (weapon)
Armour
 b - a +0 scale mail
 c - a +0 shield (worn)
 e - a +0 chain mail (worn)
Jewellery
 o - an uncursed ring of protection from cold {unknown}
Wands
 p - a wand of digging (9/24)
Scrolls
 d - 4 scrolls of identify {unknown}
 g - 2 scrolls of blinking {unknown}
 h - a scroll of amnesia {unknown}
 i - 2 scrolls of fear {unknown}
 j - a scroll of remove curse {unknown}
 l - a scroll of noise {unknown}
Potions
 k - 2 potions of might
 q - 2 potions of brilliance {unknown}
 s - a potion of magic {unknown}
Comestibles
 f - a bread ration
 m - a royal jelly
 n - 4 fruits
 r - a meat ration


   Skills:
 + Level 4.2 Fighting
 + Level 3.1 Axes
 - Level 3.4 Armour
 - Level 3.7 Shields


You had 3 spell levels left.
You didn't know any spells.

Dungeon Overview and Level Annotations

Branches:
Dungeon (2/15)

Altars:
Yredelemnul


Innate Abilities, Weirdness & Mutations

You cannot be hasted, slowed, berserked, paralysed or teleported.
You can dig through walls and to a lower floor.
Your four strong arms can wield two-handed weapons with a shield.
You have a pair of large antennae on your head. (SInv)


Message History

You hit the gnoll but do no damage.
The gnoll is almost dead.
The gnoll barely misses you.
You completely miss the gnoll.
The gnoll is almost dead.
You block the gnoll's attack.
Your shield and chain mail prevent you from hitting the gnoll.
The gnoll is almost dead.
You block the gnoll's attack. The gnoll hits you with a halberd.
* * * LOW HITPOINT WARNING * * *
A gnoll comes into view. It is wielding a spear.
The gnoll shouts!
You hit the gnoll but do no damage.
The gnoll is almost dead.
You block the gnoll's attack.
A gnoll comes into view.
You barely miss the gnoll.
The gnoll is almost dead.
The gnoll hits you with a halberd!
You die...

...........# #......†...#.#
...........#####.#.#(######.#
...........##...g#.#(.......#
..........>##.#..#.#..#######
...##.####.##.#.g#.#..#
...##.# #.##.#....#..#
.####.# #....##.#.#### .# #.#
#######g#.# .# #.# #@# # .#
#.# #.# .# #.# #.# .# #.# #.#
.# #.# ## #.# #.# #.########
#.# #.........##)#


You could see 3 gnolls.

Vanquished Creatures
  A gnoll (D:2)
  2 adders (D:2)
  2 worms (D:2)
  A dart slug (D:2)
  2 leopard geckos
  2 goblins
  3 hobgoblins
  2 kobolds
  A ball python (D:1)
  3 bats
  3 frilled lizards (D:1)
  2 rats (D:2)
24 creatures vanquished.

Notes
Turn   | Place    | Note
-------+----------+-------------------------------------------
     0 | D:1      | Deeps the Formicid Fighter began the quest for the Orb.
     0 | D:1      | Reached XP level 1. HP: 18/18 MP: 1/1
   220 | D:1      | Reached XP level 2. HP: 23/24 MP: 2/2
   407 | D:2      | Reached XP level 3. HP: 15/30 MP: 3/3
   708 | D:2      | Found a basalt altar of Yredelemnul.
   796 | D:2      | Reached skill level 4 in Fighting
   962 | D:2      | Reached XP level 4. HP: 31/37 MP: 4/4
  1068 | D:2      | Found a faded altar of an unknown god.
  1127 | D:2      | Slain by a gnoll

Vault maps used:
D:1:      saegor_arrival_simple_c, minmay_strange_pillars
D:2:      yredelemnul_altar_generic, chequers_ecumenical_altar_grove

Skill      XL: |  1  2  3  4 |
---------------+-------------+-----
Fighting       | 4 |  4.2
Axes           | 3 |  3.1
Armour         | |  3.4
Shields        | |  3.7

Action                   |  1- 3 |  4- 6 || total
-------------------------+-------+-------++-------
Melee: War axe           |    72 |    24 ||    96
  Use: Potion            |     1 |       ||     1
Armor: Scale mail        |     7 |       ||     7
       Chain mail        |    23 |     6 ||    29
Dodge: Dodged            |    16 |     9 ||    25
Block: Shield            |    32 |    19 ||    51
